 Dungeon Crawl Stone Soup version 0.29.1-12-g30fa7ad0bf (webtiles) character file.

Game seed: 3014184345936408935

47 Descartes the Shield-Bearer (level 3, -3/29 HPs)
             Began as a Formicid Fighter on Jan 2, 2023.
             Slain by Terence
             ... wielding a +0 flail
              (9 damage)
             ... on level 2 of the Dungeon.
             The game lasted 00:03:29 (1732 turns).

Descartes the Shield-Bearer (Formicid Fighter)      Turns: 1732, Time: 00:03:29

Health: -3/29      AC: 11    Str: 20    XL:     3   Next: 97%
Magic:  4/4        EV:  5    Int:  9    God:
Gold:   42         SH:  5    Dex: 13    Spells: 4/4 levels left

rFire   . . .      SeeInvis +   a - +0 war axe
rCold   . . .      Faith    .   c - +0 buckler
rNeg    . . .      Spirit   .   f - +0 plate armour
rPois   .          Reflect  .   (helmet unavailable)
rElec   .          Harm     .   (no cloak)
rCorr   .          Rampage  .   (no gloves)
Will    .....                   (no boots)
Stlth   ..........              (no amulet)
HPRegen 0.09/turn               (no ring)
MPRegen 0.09/turn               (no ring)

@: no status effects
A: permanent stasis, dig shafts and tunnels, antennae 3, four strong arms
a: Dig, Shaft Self


You were on level 2 of the Dungeon.
You visited 1 branch of the dungeon, and saw 2 of its levels.

You collected 42 gold pieces.

Inventory:

Hand Weapons
 a - a +0 war axe (weapon)
 e - a +0 shortbow
Missiles
 b - 5 poisoned darts
Armour
 c - a +0 buckler (worn)
 f - a +0 plate armour (worn)
Scrolls
 i - a scroll of vulnerability {unknown}
 j - 2 scrolls of teleportation {unknown}
 k - a scroll of identify {unknown}
 m - a scroll of enchant weapon {unknown}
 n - a scroll of enchant armour {unknown}
 o - a scroll of immolation {unknown}
Potions
 d - a potion of might
 h - a potion of resistance {unknown}
 l - a potion of lignification {unknown}
 p - a potion of cancellation {unknown}


   Skills:
 + Level 3.4 Fighting
 + Level 2.3 Axes
 + Level 3.4 Armour
 * Level 4.7 Shields
 + Level 1.0 Spellcasting
 + Level 0.5 Translocations
 + Level 0.8 Evocations


You had 4 spell levels left.
You didn't know any spells.
Your spell library was empty.

Dungeon Overview and Level Annotations

Branches:
Dungeon (2/15)

Altars:

Shops:
D:1 **!

Annotations:
D:2 Terence


Innate Abilities, Weirdness & Mutations

You cannot be hasted, slowed, berserked, paralysed or teleported.
You can dig through walls and to a lower floor.
You have a pair of large antennae on your head. (SInv)
Your four strong arms can wield two-handed weapons with a shield.


Message History

Terence is lightly wounded.
Terence completely misses you. Terence barely misses you.
You hit Terence.
Terence is moderately wounded.
Terence hits you with a +0 flail.
You hit Terence but do no damage.
Terence is moderately wounded.
Terence barely misses you. Terence hits you but does no damage.
You closely miss Terence.
Terence is moderately wounded.
Terence hits you but does no damage.
You barely miss Terence.
Terence is moderately wounded.
Terence barely misses you. Terence hits you but does no damage.
Unknown command.
You slash Terence!
Terence is almost dead.
Terence hits you but does no damage.
You hit Terence but do no damage.
Terence is almost dead.
Terence drinks a potion.
Terence is healed!
You barely miss Terence. Terence hits you with a +0 flail.
You block Terence's attack.
Unknown command.
You barely miss Terence.
Terence says, "Time to say good-bye..."
Terence hits you with a +0 flail.
* * * LOW HITPOINT WARNING * * *
You hit Terence.
Terence is lightly wounded.
Terence hits you but does no damage. x2
It was a potion of curing.
You feel better. Terence hits you with a +0 flail.
* * * LOW HITPOINT WARNING * * *
You barely miss Terence.
Terence is lightly wounded.
You block Terence's attack.
You hit Terence but do no damage.
Terence is lightly wounded.
Terence hits you with a +0 flail!
You die...

...#.....#.#.####..#
.........#.######..#
.#########.........#
. ..#######.# #.#
#.# { #.# #.#
..#######.#
......@@..#
#.#########


You could see Terence.

Vanquished Creatures
  A worm (D:2)
  10 endoplasms
  4 giant cockroaches
  4 goblins
  4 hobgoblins
  4 jackals (D:2)
  2 quokkas
  3 ball pythons
  A bat (D:1)
  A frilled lizard (D:1)
  A kobold (D:1)
  A rat (D:2)
36 creatures vanquished.

Vanquished Creatures (others)
  3 plants (D:1)
3 creatures vanquished.

Grand Total: 39 creatures vanquished

Notes
Turn   | Place    | Note
-------+----------+-------------------------------------------
     0 | D:1      | Descartes the Formicid Fighter began the quest for the Orb.
     0 | D:1      | Reached XP level 1. HP: 18/18 MP: 1/1
   191 | D:1      | Reached XP level 2. HP: 24/24 MP: 2/2
   267 | D:1      | Found Toisoano's General Store.
   458 | D:1      | Found Nulli's Assorted Antiques.
   511 | D:1      | Reached XP level 3. HP: 29/29 MP: 3/3
   979 | D:1      | Found Xilaots's Distillery.
  1061 | D:1      | Found a faded altar of an unknown god.
  1677 | D:2      | Reached skill level 1 in Spellcasting
  1713 | D:2      | Noticed Terence
  1732 | D:2      | Slain by Terence

Illustrated notes

Levels and vault maps discovered:
D:1:      mrwooster_arrival_statue_3, layout_loops_ring,
          ebering_ecumenical_altar_hall, serial_shops, shop,
          nicolae_shop_advertising_works [nicolae_subvault_shop_adworks],
          nicolae_shop_overgrown_old_shop
D:2:      layout_basic, mrwooster_statue_mirror, uniq_terence

Skill      XL: |  1  2  3 |
---------------+----------+-----
Spellcasting   | 1 |  1.0
Fighting       | |  3.4
Axes           | |  2.3
Armour         | |  3.4
Shields        | |  4.7
Translocations | |  0.5
Evocations     | |  0.8

Action                   || total
-------------------------++-------
Melee: War axe           ||   118
  Use: Potion            ||     1
Armor: Scale mail        ||     4
       Plate armour      ||    72
Dodge: Dodged            ||    25
Block: Buckler           ||    23
